TOP OF THE 1ST |
Baffin Island Beavers batting - Pitching for Austin River Sharks : LHP Francisco Pérez
|
Pitching: LHP Francisco Pérez
|
|
Batting: RHB Alden Isenhood
|
0-0: Ball 1-0: Called Strike 1-1: Ground out 4-3 (Groundball, 4)
|
Batting: RHB José Aguilera
|
0-0: Ball 1-0: Called Strike 1-1: Foul Ball, location: 2F 1-2: Ball 2-2: Ball 3-2: Strikes out swinging
|
Batting: RHB Dave Craig
|
0-0: Foul Ball, location: 2F 0-1: Foul Ball, location: 2F 0-2: Ball 1-2: Ball 2-2: Ball 3-2: Base on Balls
|
Batting: RHB Tony Morton
|
0-0: Ball 1-0: Ball 2-0: Fly out, F8 (Flyball, 8RXD)
|
Top of the 1st over - 0 run(s), 0 hit(s), 0 error(s), 1 left on base; Baffin Island 0 - Austin 0 |
BOTTOM OF THE 1ST |
Austin River Sharks batting - Pitching for Baffin Island Beavers : RHP Luis Féliz
|
Pitching: RHP Luis Féliz
|
|
Batting: RHB Todd Bryant
|
0-0: Ball 1-0: Ball 2-0: Ball 3-0: Called Strike 3-1: Base on Balls
|
Batting: RHB Richard Coker
|
0-0: Ball 1-0: Fielders Choice at 2nd, 3-6 (Groundball, 34)
|
Batting: LHB Greg Nelson
|
0-0: Fly out, F7 (Flyball, 78S)
|
Batting: RHB Pedro Guzmán
|
0-0: Ball 1-0: Called Strike 1-1: Ground out 5-3 (Groundball, 5S)
|
Bottom of the 1st over - 0 run(s), 0 hit(s), 0 error(s), 1 left on base; Baffin Island 0 - Austin 0 |
TOP OF THE 2ND |
Baffin Island Beavers batting - Pitching for Austin River Sharks : LHP Francisco Pérez
|
Batting: LHB Chris Bates
|
0-0: Foul Ball, location: 2F 0-1: Foul Ball, location: 2F 0-2: Ball 1-2: Ball 2-2: Ball 3-2: Base on Balls
|
Batting: LHB Norberto Muńóz
|
0-0: Ground out U3 (Groundball, 3L) Chris Bates to second
|
Batting: SHB Alonso Ferreira
|
0-0: Called Strike 0-1: Called Strike 0-2: Ball 1-2: Fly out, F5 (Line Drive, 56)
|
Batting: SHB Ron Edwards
|
0-0: Called Strike 0-1: Foul Ball, location: 2F 0-2: Strikes out swinging
|
Top of the 2nd over - 0 run(s), 0 hit(s), 0 error(s), 1 left on base; Baffin Island 0 - Austin 0 |
BOTTOM OF THE 2ND |
Austin River Sharks batting - Pitching for Baffin Island Beavers : RHP Luis Féliz
|
Batting: LHB Harry Pitts
|
0-0: Foul Ball, location: 2F 0-1: Ball 1-1: Foul Ball, location: 2F 1-2: Foul Ball, location: 2F 1-2: Ground out U3 (Groundball, 34)
|
Batting: LHB José Lińares
|
0-0: Fly out, F7 (Flyball, 7D)
|
Batting: LHB Enrico Vargas
|
0-0: Foul Ball, location: 2F 0-1: Ball 1-1: Swinging Strike 1-2: Foul Ball, location: 2F 1-2: Strikes out looking
|
Bottom of the 2nd over - 0 run(s), 0 hit(s), 0 error(s), 0 left on base; Baffin Island 0 - Austin 0 |
TOP OF THE 3RD |
Baffin Island Beavers batting - Pitching for Austin River Sharks : LHP Francisco Pérez
|
Batting: LHB Mike MacFadden
|
0-0: Ground out 3-1 (Groundball, 34S)
|
Batting: RHB Alden Isenhood
|
0-0: Ball 1-0: Called Strike 1-1: Ball 2-1: Ball 3-1: Base on Balls
|
Batting: RHB José Aguilera
|
0-0: Ground out U3 (Groundball, 3S) Alden Isenhood to second
|
Batting: RHB Dave Craig
|
0-0: Ball 1-0: DOUBLE (Flyball, 78D) Alden Isenhood scores
|
Pinch Runner at 2nd Ángelo García:
|
|
Batting: RHB Tony Morton
|
0-0: Called Strike 0-1: Ball 1-1: Ball 2-1: Ball 3-1: Ground out 6-3 (Groundball, 56)
|
Top of the 3rd over - 1 run(s), 1 hit(s), 0 error(s), 1 left on base; Baffin Island 1 - Austin 0 |
BOTTOM OF THE 3RD |
Austin River Sharks batting - Pitching for Baffin Island Beavers : RHP Luis Féliz
|
Now at SS: Ángelo García
|
|
Batting: RHB Dexter Potter
|
0-0: Ball 1-0: Ball 2-0: Called Strike 2-1: Ball 3-1: Bunt missed! 3-2: Base on Balls
|
Batting: RHB Teddy Bates
|
0-0: Ball 1-0: Foul Ball, location: 2F 1-1: Ball 2-1: Reached on error, E6 (Groundball, 6) Dexter Potter to second
|
Batting: RHB Todd Bryant
|
0-0: Ball 1-0: Ball 2-0: Foul Ball, location: 2F 2-1: Swinging Strike 2-2: Strikes out swinging
|
Batting: RHB Richard Coker
|
0-0: Foul Ball, location: 2F 0-1: Ball 1-1: Foul Ball, location: 2F 1-2: Foul Ball, location: 2F 1-2: Foul Ball, location: 2F 1-2: Foul Ball, location: 2F 1-2: Ground out 4-3 (Groundball, 4S) Dexter Potter to third Teddy Bates to second
|
Batting: LHB Greg Nelson
|
0-0: Fly out, F4 (Popup, 3D)
|
Bottom of the 3rd over - 0 run(s), 0 hit(s), 1 error(s), 2 left on base; Baffin Island 1 - Austin 0 |
TOP OF THE 4TH |
Baffin Island Beavers batting - Pitching for Austin River Sharks : LHP Francisco Pérez
|
Batting: LHB Chris Bates
|
0-0: Swinging Strike 0-1: Foul Ball, location: 2F 0-2: Ball 1-2: Strikes out swinging
|
Batting: LHB Norberto Muńóz
|
0-0: Ball 1-0: Ball 2-0: Called Strike 2-1: Foul Ball, location: 2F 2-2: Ball 3-2: Base on Balls
|
Batting: SHB Alonso Ferreira
|
0-0: Ball 1-0: Ball 2-0: Ball 3-0: Base on Balls Norberto Muńóz to second
|
Batting: SHB Ron Edwards
|
0-0: Called Strike 0-1: DOUBLE (Flyball, 89D) Norberto Muńóz scores Alonso Ferreira to third
|
Batting: LHB Mike MacFadden
|
0-0: Ball 1-0: Foul Ball, location: 2F 1-1: Swinging Strike 1-2: Foul Ball, location: 2F 1-2: Ball 2-2: Foul Ball, location: 2F 2-2: Foul Ball, location: 2F 2-2: SINGLE (Groundball, 4MD) Alonso Ferreira scores Ron Edwards to third
|
Batting: RHB Alden Isenhood
|
0-0: Swinging Strike 0-1: SINGLE (Groundball, 34D) Ron Edwards scores Mike MacFadden to second Runner from 2nd tries for 3rd, SAFE, throw made to third Alden Isenhood to second
|
Batting: RHB José Aguilera
|
0-0: Ball 1-0: Ball 2-0: Called Strike 2-1: Called Strike 2-2: Fly out, F2 (Popup, 13S)
|
Batting: RHB Ángelo García
|
0-0: Called Strike 0-1: DOUBLE (Line Drive, 78M) Mike MacFadden scores Alden Isenhood scores
|
Pitching: RHP Tatsuzo Harada
|
|
Batting: RHB Tony Morton
|
0-0: Foul Ball, location: 2F 0-1: Ball 1-1: Swinging Strike 1-2: Ball 2-2: Strikes out swinging
|
Top of the 4th over - 5 run(s), 4 hit(s), 0 error(s), 1 left on base; Baffin Island 6 - Austin 0 |
BOTTOM OF THE 4TH |
Austin River Sharks batting - Pitching for Baffin Island Beavers : RHP Luis Féliz
|
Batting: RHB Pedro Guzmán
|
0-0: Ground out 3-1 (Groundball, 34S)
|
Batting: LHB Harry Pitts
|
0-0: Ball 1-0: Ball 2-0: Ball 3-0: Swinging Strike 3-1: Called Strike 3-2: Foul Ball, location: 2F 3-2: Base on Balls
|
Batting: LHB José Lińares
|
0-0: Ball 1-0: Foul Ball, location: 2F 1-1: SINGLE (Groundball, 4S) (infield hit) Harry Pitts to second
|
Batting: LHB Enrico Vargas
|
0-0: Ball 1-0: Fly out, F8 (Line Drive, 8RXD) Runner from 2nd tags up, SAFE at 3rd, no throw
|
Batting: RHB Dexter Potter
|
0-0: Fielders Choice at 2nd, 5-4 (Groundball, 5)
|
Bottom of the 4th over - 0 run(s), 1 hit(s), 0 error(s), 1 left on base; Baffin Island 6 - Austin 0 |
TOP OF THE 5TH |
Baffin Island Beavers batting - Pitching for Austin River Sharks : RHP Tatsuzo Harada
|
Batting: LHB Chris Bates
|
0-0: Ball 1-0: Ball 2-0: Ball 3-0: Base on Balls
|
Batting: LHB Norberto Muńóz
|
0-0: Called Strike 0-1: Ball 1-1: Ball 2-1: Foul Ball, location: 2F 2-2: Fly out, F8 (Flyball, 78M)
|
Batting: SHB Alonso Ferreira
|
0-0: Foul Ball, location: 2F 0-1: Ball 1-1: Foul Ball, location: 2F 1-2: Ball 2-2: SINGLE (Flyball, 7S) Chris Bates to second
|
Batting: SHB Ron Edwards
|
0-0: Foul Ball, location: 2F 0-1: Called Strike 0-2: Ball 1-2: Fly out, F4 (Flyball, 4D)
|
Batting: LHB Mike MacFadden
|
0-0: Called Strike 0-1: Swinging Strike 0-2: Foul Ball, location: 2F 0-2: Ball 1-2: Foul Ball, location: 2F 1-2: Strikes out swinging
|
Top of the 5th over - 0 run(s), 1 hit(s), 0 error(s), 2 left on base; Baffin Island 6 - Austin 0 |
BOTTOM OF THE 5TH |
Austin River Sharks batting - Pitching for Baffin Island Beavers : RHP Luis Féliz
|
Batting: RHB Teddy Bates
|
0-0: Called Strike 0-1: Ball 1-1: Ball 2-1: Foul Ball, location: 2F 2-2: Fly out, F4 (Popup, 34)
|
Batting: RHB Todd Bryant
|
0-0: Foul Ball, location: 2F 0-1: Ball 1-1: Ball 2-1: Called Strike 2-2: Ball 3-2: Strikes out looking
|
Batting: RHB Richard Coker
|
0-0: Foul Ball, location: 2F 0-1: Ball 1-1: SINGLE (Groundball, 56D)
|
Batting: LHB Greg Nelson
|
0-0: Swinging Strike 0-1: Ground out 6-3 (Groundball, 6M)
|
Bottom of the 5th over - 0 run(s), 1 hit(s), 0 error(s), 1 left on base; Baffin Island 6 - Austin 0 |
TOP OF THE 6TH |
Baffin Island Beavers batting - Pitching for Austin River Sharks : RHP Tatsuzo Harada
|
Batting: RHB Alden Isenhood
|
0-0: Swinging Strike 0-1: Ball 1-1: Ball 2-1: Called Strike 2-2: Foul Ball, location: 2F 2-2: Ground out 4-3 (Groundball, 4)
|
Batting: RHB José Aguilera
|
0-0: Swinging Strike 0-1: Ball 1-1: Ground out 4-3 (Groundball, 4)
|
Batting: RHB Ángelo García
|
0-0: Swinging Strike 0-1: Called Strike 0-2: Strikes out swinging
|
Top of the 6th over - 0 run(s), 0 hit(s), 0 error(s), 0 left on base; Baffin Island 6 - Austin 0 |
BOTTOM OF THE 6TH |
Austin River Sharks batting - Pitching for Baffin Island Beavers : RHP Luis Féliz
|
Batting: RHB Pedro Guzmán
|
0-0: Ball 1-0: Foul Ball, location: 2F 1-1: Foul Ball, location: 2F 1-2: SOLO HOME RUN (Flyball, 78XD), Distance : 412 ft
|
Batting: LHB Harry Pitts
|
0-0: Ball 1-0: Foul Ball, location: 2F 1-1: Ball 2-1: Called Strike 2-2: Ground out 3-1 (Groundball, 34)
|
Batting: LHB José Lińares
|
0-0: Called Strike 0-1: Ball 1-1: Ball 2-1: Fly out, F7 (Line Drive, 7D)
|
Batting: LHB Enrico Vargas
|
0-0: Ball 1-0: Called Strike 1-1: SINGLE (Groundball, 4MD)
|
Batting: RHB Dexter Potter
|
0-0: Swinging Strike 0-1: Ground out 3-1 (Groundball, 3S)
|
Bottom of the 6th over - 1 run(s), 2 hit(s), 0 error(s), 1 left on base; Baffin Island 6 - Austin 1 |
TOP OF THE 7TH |
Baffin Island Beavers batting - Pitching for Austin River Sharks : RHP Tatsuzo Harada
|
Batting: RHB Tony Morton
|
0-0: Ball 1-0: Ball 2-0: Called Strike 2-1: Ball 3-1: SINGLE (Line Drive, 56D)
|
Batting: LHB Chris Bates
|
0-0: Ball 1-0: Ball 2-0: Called Strike 2-1: DOUBLE (Groundball, 5L) Tony Morton to third Runner from 3rd tries for Home, throw and OUT! Chris Bates to third
|
Batting: LHB Norberto Muńóz
|
0-0: Ball 1-0: Ball 2-0: Ball 3-0: Base on Balls
|
Pitching: RHP Luis Trujillo
|
|
Batting: SHB Alonso Ferreira
|
0-0: Ball 1-0: Foul Ball, location: 2F 1-1: Called Strike 1-2: Strikes out looking
|
Batting: SHB Ron Edwards
|
0-0: Called Strike 0-1: Foul Ball, location: 2F 0-2: Ball 1-2: Foul Ball, location: 2F 1-2: Ball 2-2: Ball 3-2: Foul Ball, location: 2F 3-2: Base on Balls Norberto Muńóz to second
|
Batting: LHB Mike MacFadden
|
0-0: Ball 1-0: Swinging Strike 1-1: Fly out, F8 (Line Drive, 8RM)
|
Top of the 7th over - 0 run(s), 2 hit(s), 0 error(s), 3 left on base; Baffin Island 6 - Austin 1 |
BOTTOM OF THE 7TH |
Austin River Sharks batting - Pitching for Baffin Island Beavers : RHP Luis Féliz
|
Pitching: RHP Colm Stewart
|
|
Batting: RHB Teddy Bates
|
0-0: Ball 1-0: Ball 2-0: Ball 3-0: Called Strike 3-1: Fly out, F9 (Flyball, 9LS)
|
Batting: RHB Todd Bryant
|
0-0: Called Strike 0-1: Called Strike 0-2: Ball 1-2: Ball 2-2: Foul Ball, location: 2F 2-2: Foul Ball, location: 2F 2-2: Ground out 5-3 (Groundball, 56)
|
Batting: RHB Richard Coker
|
0-0: Called Strike 0-1: Ball 1-1: Ball 2-1: Foul Ball, location: 2F 2-2: Ball 3-2: SOLO HOME RUN (Flyball, 7D), Distance : 409 ft
|
Batting: LHB Greg Nelson
|
0-0: Foul Ball, location: 2F 0-1: Ball 1-1: Foul Ball, location: 2F 1-2: Ball 2-2: Fly out, F5 (Flyball, 56D)
|
Bottom of the 7th over - 1 run(s), 1 hit(s), 0 error(s), 0 left on base; Baffin Island 6 - Austin 2 |
TOP OF THE 8TH |
Baffin Island Beavers batting - Pitching for Austin River Sharks : RHP Luis Trujillo
|
Batting: RHB Alden Isenhood
|
0-0: Ball 1-0: Swinging Strike 1-1: Ground out 6-3 (Groundball, 6S)
|
Batting: RHB José Aguilera
|
0-0: Called Strike 0-1: Ball 1-1: Swinging Strike 1-2: Ball 2-2: Ground out 1-3 (Groundball, 15S)
|
Batting: RHB Ángelo García
|
0-0: Called Strike 0-1: Called Strike 0-2: Strikes out looking
|
Top of the 8th over - 0 run(s), 0 hit(s), 0 error(s), 0 left on base; Baffin Island 6 - Austin 2 |
BOTTOM OF THE 8TH |
Austin River Sharks batting - Pitching for Baffin Island Beavers : RHP Colm Stewart
|
Batting: RHB Pedro Guzmán
|
0-0: SINGLE (Line Drive, 34D)
|
Batting: LHB Harry Pitts
|
0-0: Ball 1-0: Ball 2-0: Ball 3-0: Called Strike 3-1: Called Strike 3-2: Foul Ball, location: 2F 3-2: Fly out, F8 (Line Drive, 8RS)
|
Batting: LHB José Lińares
|
0-0: TRIPLE (Flyball, 9LM) Pedro Guzmán scores
|
Pitching: LHP Cecil Bonekamp
|
|
Batting: LHB Enrico Vargas
|
0-0: Ball 1-0: Ball 2-0: Foul Ball, location: 2F 2-1: Foul Ball, location: 2F 2-2: Strikes out looking
|
Pitching: LHP Jaime Guzmán
|
|
Batting: RHB Dexter Potter
|
0-0: Ball 1-0: Called Strike Balk! José Lińares scores 1-1: Ball 2-1: Ball 3-1: Base on Balls
|
Pitching: RHP Dave Rhodes
|
|
Batting: RHB Teddy Bates
|
0-0: Foul Ball, location: 2F 0-1: Foul Ball, location: 2F 0-2: Foul Ball, location: 2F 0-2: Ball 1-2: Strikes out looking
|
Bottom of the 8th over - 2 run(s), 2 hit(s), 0 error(s), 1 left on base; Baffin Island 6 - Austin 4 |
TOP OF THE 9TH |
Baffin Island Beavers batting - Pitching for Austin River Sharks : RHP Luis Trujillo
|
Batting: RHB Tony Morton
|
0-0: Ball 1-0: Ball 2-0: Called Strike 2-1: Called Strike 2-2: Ball 3-2: Strikes out looking
|
Batting: LHB Chris Bates
|
0-0: Swinging Strike 0-1: Called Strike 0-2: SINGLE (Groundball, 34D)
|
Pitching: LHP António Bueno
|
|
Batting: LHB Norberto Muńóz
|
0-0: Called Strike 0-1: Called Strike 0-2: Ground out 4-3 (Groundball, 4MD) Chris Bates to second
|
Pitching: RHP Josh Graham
|
|
Batting: SHB Alonso Ferreira
|
0-0: Foul Ball, location: 2F 0-1: Ball 1-1: Reached on error, E4 (Groundball, 4D) Chris Bates scores
|
Batting: SHB Ron Edwards
|
0-0: Called Strike 0-1: Ball 1-1: Fly out, F6 (Line Drive, 6M)
|
Top of the 9th over - 1 run(s), 1 hit(s), 1 error(s), 1 left on base; Baffin Island 7 - Austin 4 |
BOTTOM OF THE 9TH |
Austin River Sharks batting - Pitching for Baffin Island Beavers : RHP Dave Rhodes
|
Pitching: LHP Brent Miller
|
|
Batting: RHB Todd Bryant
|
0-0: Swinging Strike 0-1: Foul Ball, location: 2F 0-2: Foul Ball, location: 2F 0-2: Ball 1-2: Strikes out swinging
|
Batting: RHB Richard Coker
|
0-0: Foul Ball, location: 2F 0-1: Ground out 6-3 (Groundball, 6)
|
Batting: LHB Greg Nelson
|
0-0: Ball 1-0: Ball 2-0: Ball 3-0: Called Strike 3-1: Called Strike 3-2: Foul Ball, location: 2F 3-2: Ground out 4-3 (Groundball, 4)
|
Bottom of the 9th over - 0 run(s), 0 hit(s), 0 error(s), 0 left on base; Baffin Island 7 - Austin 4 |
|